 Dungeon Crawl Stone Soup version 0.20.1-1-g8b1a95d (webtiles) character file.

113 gungr the Insei (level 4, -10/28 HPs)
             Began as an Octopode Transmuter on Oct 29, 2017.
             Mangled by an ogre
             ... wielding a +0 giant club
              (29 damage)
             ... on level 5 of the Dungeon.
             The game lasted 00:06:13 (3527 turns).

gungr the Insei (Octopode Transmuter)               Turns: 3527, Time: 00:06:15

Health: -10/28     AC:  1    Str:  9    XL:     4   Next: 96%
Magic:  7/7        EV: 13    Int: 21    God:
Gold:   117        SH:  0    Dex: 12    Spells: 1/7 levels left

rFire    + . .     SeeInvis .     - Unarmed
rCold    . . .     Gourm    .   (no shield)
rNeg     . . .     Faith    .   (helmet restricted)
rPois    .         Spirit   .   (no amulet)
rElec    .         Reflect  .   n - ring of protection from magic
rCorr    .         Harm     .   o - ring of protection from fire
MR       +....                  (no ring)
Stlth    ++........             (no ring)
Regen    0.1/turn               (no ring)
MPRegen  0.1/turn               (no ring)
                                (no ring)
                                (no ring)

@: brilliant
A: almost no armour, stealthy swim, amphibious, 8 rings, constrict 8, camouflage
1, gelatinous body 1
a: no special abilities


You were on level 5 of the Dungeon.
You were not hungry.

You visited 1 branch of the dungeon, and saw 5 of its levels.

You collected 117 gold pieces.

Inventory:

Hand Weapons
 q - a +0 club
Missiles
 a - 26 arrows
 r - 5 silver javelins (quivered)
Jewellery
 n - a ring of protection from magic (left tentacle)
 o - a ring of protection from fire (right tentacle)
 s - a +2 ring of strength {unknown}
Scrolls
 c - 2 scrolls of remove curse {unknown}
 f - a scroll of noise {unknown}
 g - a scroll of amnesia {unknown}
 h - 5 scrolls of identify {unknown}
Potions
 e - 2 potions of brilliance
 j - a potion of haste {unknown}
 l - a potion of curing {unknown}
 p - a potion of cancellation {unknown}
 t - a potion of agility {unknown}
Books
 b - a book of Changes

   Spells                             Type                      Level
   a - Beastly Appendage              Transmutation                1
   b - Sticks to Snakes               Transmutation                2
   c - Spider Form                    Transmutation/Poison         3
   d - Ice Form                       Ice/Transmutation            4
   e - Blade Hands                    Transmutation                5
Comestibles
 d - 4 meat rations
 i - 3 royal jellies
 k - 3 bread rations
 m - 4 fruits


   Skills:
 - Level 1.0 Fighting
 - Level 2.0 Dodging
 - Level 5.0 Unarmed Combat
 - Level 2.0 Spellcasting
 + Level 2.9 Transmutations


You had one spell level left.
You knew the following spells:

 Your Spells              Type           Power        Failure   Level  Hunger
a - Beastly Appendage     Tmut           ####..       1%          1    #......
b - Sticks to Snakes      Tmut           ####....     1%          2    ##.....
c - Spider Form           Tmut/Pois      ###.......   3%          3    ###....


Dungeon Overview and Level Annotations

Branches:
Dungeon (5/15)
 Temple: D:4-7

Altars:

Annotations:
D:2 Sigmund


Innate Abilities, Weirdness & Mutations

You cannot wear most types of armour.
You are very stealthy in the water. (Stealth+)
You are amphibious.
You can wear up to eight rings at the same time.
You can use your tentacles to constrict eight enemies at once.
Your skin changes colour to match your surroundings (Stealth+).
Your rubbery body absorbs attacks. (AC +1, EV +1)


Message History

Done waiting.
You climb downwards.
There is a stone staircase leading up here.
Found a fruit and 14 gold pieces.
m - 4 fruits (gained 1)
Found an escape hatch in the floor.
You now have 117 gold pieces (gained 14).
Found a leather armour.
There is an escape hatch in the floor here.
An ogre comes into view. It is wielding a giant club.
The ogre shouts!
The ogre hits you with a giant club!
There is an escape hatch in the floor, spattered with blood here.
You can't go up here!
You slide downwards.
The hatch slams shut behind you.
It was a potion of brilliance.
You feel clever all of a sudden. The ogre hits you with a giant club!!
Ouch! That really hurt!
You die...

# ####. ....#
##...####
#.......####.#
#...........#
#.@.#
#.....O.##
###..#### #.
.. ##


You could see an ogre.

Vanquished Creatures
  2 adders (D:2)
  2 dart slugs (D:1)
  An orc (D:3)
  4 giant cockroaches
  5 goblins
  7 hobgoblins
  6 jackals
  2 quokkas
  6 bats
  5 frilled lizards (D:3)
  11 kobolds
  4 rats
55 creatures vanquished.

Vanquished Creatures (collateral kills)
  A centaur skeleton (D:4)
  A dart slug (D:2)
  A giant cockroach (D:2)
  A kobold (D:2)
  A quokka (D:4)
  A jackal skeleton (D:4)
6 creatures vanquished.

Grand Total: 61 creatures vanquished

Notes
Turn   | Place    | Note
-------+----------+-------------------------------------------
     0 | D:1      | gungr the Octopode Transmuter began the quest for the Orb.
     0 | D:1      | Reached XP level 1. HP: 13/13 MP: 3/3
   124 | D:1      | Reached XP level 2. HP: 6/18 MP: 3/5
   470 | D:1      | Reached skill level 4 in Unarmed Combat
   517 | D:1      | Reached XP level 3. HP: 15/23 MP: 6/6
   521 | D:1      | Learned a level 2 spell: Sticks to Snakes
   525 | D:1      | Learned a level 3 spell: Spider Form
  1114 | D:2      | Noticed Sigmund
  1905 | D:3      | Reached XP level 4. HP: 26/28 MP: 7/7
  2612 | D:3      | Reached skill level 5 in Unarmed Combat
  3523 | D:4      | Noticed an ogre
  3526 | D:5      | Entered Level 5 of the Dungeon
  3527 | D:5      | Mangled by an ogre

Skill      XL: |  1  2  3  4 |
---------------+-------------+-----
Unarmed Combat | 4 5 |  5.0
Fighting       | |  1.0
Dodging        | |  2.0
Spellcasting   | |  2.0
Transmutations | |  2.9

Action                   |  1- 3 |  4- 6 || total
-------------------------+-------+-------++-------
Melee: Unarmed           |    64 |    57 ||   121
       Constrict         |    22 |    12 ||    34
       Tentacles         |    15 |     9 ||    24
       Kick              |     5 |     2 ||     7
       Punch             |     2 |     1 ||     3
 Cast: Beastly Appendage |     8 |     2 ||    10
       Sticks to Snakes  |     4 |     4 ||     8
  Use: Potion            |       |     1 ||     1
 Stab: Sleeping          |     2 |     3 ||     5
       Distracted        |       |     1 ||     1
  Eat: Bread ration      |     1 |       ||     1
       Meat ration       |       |     1 ||     1
       Fruit             |       |     1 ||     1
Armor: Skin              |    11 |     6 ||    17
Dodge: Dodged            |    46 |    36 ||    82
